 Dungeon Crawl Stone Soup version 0.22-a0-305-gd21a89c (webtiles) character file.

549509 mhoghedin the Lord of Darkness (level 26, -15/224 (225) HPs)
             Began as a Ghoul Necromancer on Mar 26, 2018.
             Was the Champion of Kikubaaqudgha.
             Killed from afar by a quicksilver dragon (39 damage)
             ... with a bolt of dispelling energy
             ... on level 4 of the Realm of Zot on Mar 28, 2018.
             The game lasted 05:33:00 (69406 turns).

mhoghedin the Lord of Darkness (Ghoul Necromancer) Turns: 69406, Time: 05:33:01

HP:   -15/224 (225) AC: 32    Str: 25    XL:     26   Next: 26%
MP:   25/34         EV: 12    Int: 23    God:    Kikubaaqudgha [******]
Gold: 7877          SH: 19    Dex:  9    Spells: 1/41 levels left

rFire    + + .     SeeInvis +   a - +8 demon whip (flame)
rCold    + + +     Gourm    .   G - +5 shield {AC+3}
rNeg     + + +     Faith    .   X - +4 pearl dragon scales of the Untouchables {rC+ rN+ MR+ Regen+ SInv}
rPois    ∞         Spirit   .   D - +0 helmet of Classification {*Contam +Blink rPois Regen+}
rElec    +         Reflect  .   W - +1 cloak {+Inv}
rCorr    .         Harm     .   g - +2 pair of gloves {archery}
MR       +++..                  O - +2 pair of boots "Sualach" {rPois rC++}
Stlth    ..........             I - amulet "Ruikkyth" {+Blink rElec rPois Regen+ Int+5}
HPRegen  0.00/turn              o - ring "Calus" {Wiz +Inv rF+ Str+3}
MPRegen  0.24/turn              M - ring of Dica {rF+ MR+ Str+6}

@: rotting, constricted
A: rotting body, claws 1, carnivore, cold resistance 1, negative energy
resistance 3, inhibited regeneration, torment resistance, unbreathing
}: 3/15 runes: decaying, silver, gossamer
a: Receive Corpses, Torment, Renounce Religion, Evoke Blink, Evoke Invisibility


You were on level 4 of the Realm of Zot.
You worshipped Kikubaaqudgha.
Kikubaaqudgha was exalted by your worship.
You were not hungry.

You visited 11 branches of the dungeon, and saw 54 of its levels.
You also visited: Trove, Sewer, Ossuary, Ice Cave and Volcano.

You collected 8679 gold pieces.
You spent 802 gold pieces at shops.

Inventory:

Hand Weapons
 a - a +8 demon whip of flaming (weapon)
   (You took it off a spriggan defender on level 3 of the Depths)
 k - the +5 mace "Qadd" {antimagic, rElec Str+4 Dex+2}
   (You bought it in a shop on level 2 of the Orcish Mines)

   It reduces the magical energy of the wielder, and disrupts the spells and
   magical abilities of those hit.
   Natural abilities and divine invocations are not affected.
   It affects your strength (+4).
   It affects your dexterity (+2).
   It insulates you from electricity.
 P - the +8 whip "Snakebite" {curare, rPois}
   (You found it on level 3 of the Lair of Beasts)

   It poisons the flesh of those it strikes.
   It protects you from poison.
Missiles
 v - 7 throwing nets {=f, !d}
Armour
 g - a +2 pair of gloves of archery (worn)
   (You found it on level 5 of the Vaults)
 D - the +0 helmet of Classification (worn) {*Contam +Blink rPois Regen+}
   (You found it on level 3 of the Realm of Zot)

   It protects you from poison.
   It lets you blink.
   It causes magical contamination when unequipped.
   It increases your rate of regeneration.
 G - a +5 shield of protection (worn)
   (You took it off Donald on level 1 of the Spider Nest)
 H - the +7 faerie dragon scales {MR++ rCorr Str+3}
   (You took it off the Enchantress on level 3 of the Depths)

   It affects your strength (+3).
   It affects your resistance to hostile enchantments.
   It protects you from acid and corrosion.
 O - the +2 pair of boots "Sualach" (worn) {rPois rC++}
   (You found it on level 4 of the Lair of Beasts)

   It greatly protects you from cold.
   It protects you from poison.
 W - a +1 cloak of invisibility (worn)
   (You took it off a draconian shifter on level 3 of the Realm of Zot)
 X - the +4 pearl dragon scales of the Untouchables (worn) {rC+ rN+ MR+ Regen+ SInv}
   (You found it in an ice cave)

   It protects you from cold.
   It protects you from negative energy.
   It affects your resistance to hostile enchantments.
   It lets you see invisible.
   It increases your rate of regeneration.
Magical Staves
 b - an uncursed staff of death {rN+}
   (You found it on level 15 of the Dungeon)
Jewellery
 m - an uncursed ring of resist corrosion
   (You found it in a treasure trove)
 o - the ring "Calus" (left hand) {Wiz +Inv rF+ Str+3}
   (You found it on level 3 of the Spider Nest)

   [ring of wizardry]

   It improves your spell success rate.
   It affects your strength (+3).
   It protects you from fire.
   It lets you turn invisible.
 I - the amulet "Ruikkyth" (around neck) {+Blink rElec rPois Regen+ Int+5}
   (You found it on level 5 of the Vaults)

   [amulet of regeneration]

   It affects your intelligence (+5).
   It insulates you from electricity.
   It protects you from poison.
   It lets you blink.
   It increases your rate of regeneration.
 M - the ring of Dica (right hand) {rF+ MR+ Str+6}
   (You took it off an ogre mage on level 2 of the Depths)

   [ring of protection from magic]

   It affects your strength (+6).
   It protects you from fire.
   It affects your resistance to hostile enchantments.
 V - an uncursed ring of flight {+Fly, !d}
   (You found it on level 2 of the Spider Nest)
Wands
 d - a wand of paralysis (8)
   (You found it on level 1 of the Realm of Zot)
 z - a wand of digging (46)
   (You found it on level 6 of the Dungeon)
 J - a wand of acid (8)
   (You found it on level 1 of the Vaults)
Scrolls
 i - 25 scrolls of remove curse
 j - 5 scrolls of fear
 l - 5 scrolls of amnesia
 n - a scroll of torment
 y - 5 scrolls of teleportation
 C - 6 scrolls of fog
 E - 4 scrolls of silence
 F - 6 scrolls of magic mapping {!r}
 K - 4 scrolls of blinking {!r}
 N - 5 scrolls of identify
 Q - 5 scrolls of immolation {!r}
 Y - 4 scrolls of vulnerability {!r!r}
Potions
 h - 4 potions of ambrosia
 q - a potion of invisibility
 r - 12 potions of flight
 t - 16 potions of curing
 x - a potion of brilliance
 B - 5 potions of cancellation
 L - a potion of resistance
 R - 5 potions of heal wounds
 T - 2 potions of haste
Miscellaneous
 e - a crystal ball of energy
   (You found it on level 6 of the Lair of Beasts)
 p - a lamp of fire
   (You found it on level 4 of the Swamp)
 s - 3 sacks of spiders
 u - a phial of floods
   (You found it on level 3 of the Elven Halls)
 w - 4 phantom mirrors
 A - a fan of gales
   (You found it in a treasure trove)
Comestibles
 c - 60 rations


   Skills:
 - Level 16.2 Fighting
   Level 4.3 Short Blades
 - Level 11.9(13.1) Maces & Flails
 - Level 9.5(12.0) Staves
   Level 5.2 Slings
 - Level 10.5 Armour
 - Level 12.3 Dodging
 - Level 2.1 Stealth
 - Level 15.1 Shields
 - Level 8.0 Spellcasting
 + Level 4.2 Conjurations
 - Level 5.3 Charms
 - Level 13.5 Summonings
 - Level 20.0 Necromancy
 - Level 2.4 Translocations
 + Level 13.2 Ice Magic
 + Level 6.7 Air Magic
 - Level 10.4 Evocations


You had one spell level left.
You knew the following spells:

 Your Spells              Type           Power        Failure   Level  Hunger
a - Deflect Missiles      Chrm/Air       #####.....   58%         6    ######.
b - Freezing Cloud        Conj/Ice/Air   #####.....   32%         6    ######.
c - Simulacrum            Ice/Necr       ######....   1%          6    ######.
d - Blink                 Tloc           N/A          3%          2    None
e - Dispel Undead         Necr           #######.     1%          5    #####..
f - Haunt                 Necr/Summ      ######....   6%          7    #######
g - Infestation           Necr           #######...   11%         8    #######


Dungeon Overview and Level Annotations

Branches:
Dungeon (15/15)            Temple (1/1) D:4            Lair (6/6) D:10
  Swamp (4/4) Lair:3       Spider (4/4) Lair:4        Slime (5/5) Lair:5
    Orc (2/2) D:10            Elf (3/3) Orc:2        Vaults (5/5) D:14
  Crypt (0/3) Vaults:2     Depths (5/5) D:15            Zot (4/5) Depths:5

Altars:
Ashenzari
Cheibriados
Elyvilon
Gozag
Hepliaklqana
Kikubaaqudgha
Makhleb
Nemelex Xobeh
Okawaru
Qazlal
Ru
Sif Muna
Uskayaw
Vehumet
Wu Jian
Xom
Yredelemnul
Zin
The Shining One
Beogh
Jiyva

Shops:
D:5 *   D:12 =   D:14 !   Orc:1 (   Orc:2 }??(   Elf:1 [   Vaults:1 (
Vaults:5 :   Depths:2 *   Depths:5 !}

Portals:
Hell: Depths:1 Depths:2 Depths:3 Depths:4 Depths:5
Abyss: Depths:1 Depths:4 Depths:5
Pandemonium: Depths:2 Depths:3
Ziggurat: Depths:3

Annotations:
D:14 1 runed door
Slime:5 Royal Jelly
Orc:2 exclusion: oklob plant
Zot:3 exclusion: obsidian statue


Innate Abilities, Weirdness & Mutations

Your body is rotting away.
You thrive on raw meat.
You are immune to poison.
You have sharp fingernails.
You are carnivorous and can eat meat at any time.
Your flesh is cold resistant. (rC+)
You are immune to negative energy. (rN+++)
You do not regenerate when monsters are visible.
You are immune to unholy pain and torment.
You can survive without breathing.


Message History

The bolt of dispelling energy hits you!
You block the tentacled monstrosity's attack.
The tentacled monstrosity tentacle-slaps you.
The tentacled monstrosity tentacle-slaps you but does no damage.
The tentacled monstrosity grabs you.
You stop ascending the stairs.
* * * LOW HITPOINT WARNING * * *
The tentacled monstrosity constricts you!
The ghost moth stares at you.
You take 37 damage, and have 62/224 hp.
Unknown command.
Unknown command.
The tentacled monstrosity's grasp on you weakens, but your attempt to escape fails.
The quicksilver dragon breathes dispelling energy at you.
The bolt of dispelling energy hits you!
The tentacled monstrosity tentacle-slaps you but does no damage. x2
You block the tentacled monstrosity's attack.
* * * LOW HITPOINT WARNING * * *
The tentacled monstrosity constricts you.
The ghost moth stares at you.
You feel your power leaking away.
You block the quicksilver dragon's attack. x2
You take 4 damage, and have 58/224 hp.
Unknown command.
Unknown command.
The tentacled monstrosity's grasp on you weakens, but your attempt to escape fails.
You block the quicksilver dragon's attack.
The quicksilver dragon claws you but does no damage.
The tentacled monstrosity tentacle-slaps you but does no damage.
You block the tentacled monstrosity's attack.
The tentacled monstrosity tentacle-slaps you but does no damage.
The tentacled monstrosity constricts you.
Okay, then.
Unknown command.
As you read the scroll of teleportation, it crumbles to dust.
You feel strangely unstable.
You feel the Orb delaying your translocation!
The quicksilver dragon closely misses you. x2
The electric golem crackles and sizzles.
The electric golem blinks!
You block the tentacled monstrosity's attack.
The tentacled monstrosity tentacle-slaps you but does no damage.
You block the tentacled monstrosity's attack.
The tentacled monstrosity constricts you.
The quicksilver dragon closely misses you.
You block the quicksilver dragon's attack.
Unknown command.
You escape the tentacled monstrosity's grasp.
The ghost moth stares at you.
Your wraith barely misses the electric golem.
The electric golem blinks!
The ghost moth stares at you.
The quicksilver dragon breathes dispelling energy at you.
The bolt of dispelling energy hits you!
You feel strangely stable.
* * * LOW HITPOINT WARNING * * *
You take 4 damage, and have 54/224 hp.
As you read the scroll of fear, it crumbles to dust.
You assume a fearsome visage.
The ghost moth resists with some effort.
The tentacled monstrosity is unaffected.
The quicksilver dragon resists with almost no effort.
Your wraith is unaffected.
You block the quicksilver dragon's attack. x2
The tentacled monstrosity completely misses you.
The tentacled monstrosity closely misses you.
You block the tentacled monstrosity's attack. x2
The quicksilver dragon bites you!
* * * LOW HITPOINT WARNING * * *
The quicksilver dragon misses you.
You take 10 damage, and have 44/224 hp.
Magic courses through your body.
The quicksilver dragon closely misses you.
You block the quicksilver dragon's attack.
The tentacled monstrosity tentacle-slaps you but does no damage.
You block the tentacled monstrosity's attack.
The tentacled monstrosity tentacle-slaps you.
* * * LOW HITPOINT WARNING * * *
The tentacled monstrosity grabs you.
* * * LOW HITPOINT WARNING * * *
The tentacled monstrosity constricts you!
You take 11 damage, and have 33/224 hp.
You regained 26 mp, and now have 27/34 mp.
Kikubaaqudgha delivers you corpses!
You feel somewhat more hungry.
The quicksilver dragon bites you but does no damage.
The quicksilver dragon claws you but does no damage.
You block the tentacled monstrosity's attack.
The tentacled monstrosity tentacle-slaps you but does no damage.
The tentacled monstrosity barely misses you.
* * * LOW HITPOINT WARNING * * *
The tentacled monstrosity constricts you!
The quicksilver dragon completely misses you.
The quicksilver dragon claws you but does no damage.
You take 9 damage, and have 24/224 hp.
You now have 24/34 mp.
You butcher the purple draconian corpse.
The quicksilver dragon breathes dispelling energy at you.
The bolt of dispelling energy hits you!
You die...
Kikubaaqudgha rasps: "You have failed me!
Welcome... oblivion!"

#.. #.. ##...
#... #..# #..#
#††# #... #@.#
#..# #DX# #..#
#y.# #..# #..#
#..# #..# #..#
. #..#
#..####..
#..####........
#.....W[....!..
#§.............


You could see a tentacled monstrosity, a quicksilver dragon and a ghost moth
(invisible).

Vanquished Creatures
  2 ancient liches
  Boris (Vaults:5)
  A caustic shrike (Depths:2)
  A golden dragon (Depths:4)
  A bone dragon (Depths:5)
  An electric golem (Zot:3)
  Rupert (Lair:6)
  2 liches
  3 tentacled monstrosities
  5 titans (Vaults:5)
  2 quicksilver dragons
  9 acid blobs
  Gastronok (D:10)
  4 death cobs
  An ancient champion (Vaults:2)
  3 sphinxes (Vaults:5)
  5 shadow dragons
  A draconian monk (Zot:3)
  A tengu reaver (Vaults:2)
  Roxanne (Swamp:3)
  5 storm dragons
  8 frost giants
  7 azure jellies
  An iron dragon (Vaults:5)
  3 draconian knights
  8 fire giants
  12 vault wardens
  8 ghost moths
  Louise (D:15)
  5 deep elf sorcerers
  2 emperor scorpions (Spider:4)
  2 deep elf elementalists
  6 draconian scorchers
  3 draconian annihilators
  Aizul (Elf:1)
  A curse skull (Vaults:2)
  3 draconian shifters
  18 very ugly things
  10 ironheart preservers
  2 spriggan defenders
  13 stone giants
  An entropy weaver (shapeshifter) (Vaults:5)
  4 green draconians
  5 red draconians
  2 black draconians
  A deep elf annihilator (Elf:1)
  7 white draconians
  3 yellow draconians
  4 spark wasps
  2 purple draconians
  2 deep elf demonologists (Elf:3)
  A jiangshi (Vaults:2)
  9 ettins
  A green death (Depths:3)
  3 deep elf death magi
  Josephine (D:15)
  2 death oozes (Slime:5)
  3 great orbs of eyes
  3 deep elf high priests
  3 fire dragons
  11 ogre magi
  17 yaktaur captains
  4 ice dragons
  The ghost of Nib the Cleaver, a journeyman DsGl of Okawaru (D:10)
  10 hydras
  The ghost of Thaneod the Arsonist, a journeyman DEFE of Vehumet (D:12)
  34 vault guards
  A merfolk avatar (Lair:6)
  A catoblepas (Lair:5)
  A ghost crab (Swamp:3)
  2 rakshasas (D:15)
  A death knight (Vaults:4)
  12 centaur warriors
  12 dancing weapons
  29 two-headed ogres
  4 deep troll shamans
  8 tengu warriors
  6 deep troll earth magi
  7 alligators
  A vampire mage (Depths:2)
  Urug (Lair:5)
  5 hell knights
  Nergalle (Orc:2)
  3 spriggan berserkers
  2 shadow wraiths
  21 deep elf knights
  A fire crab (shapeshifter) (Vaults:1)
  An iron troll (Depths:2)
  Sonja (D:15)
  3 unseen horrors (D:11)
  A shadow demon (Vaults:5)
  An unseen horror (shapeshifter) (D:15)
  A glowing orange brain (shapeshifter) (Depths:4)
  A glowing orange brain (D:15)
  3 wizards
  A torturous demonspawn (Depths:3)
  17 deep elf archers
  A swamp dragon (Swamp:4)
  3 flayed ghosts
  10 deep trolls
  4 phantasmal warriors
  Pikel (D:5)
  The ghost of Thaneod the Arsonist, a novice DEFE of Vehumet (D:6)
  A lindwurm (Lair:6)
  9 orc knights
  19 ironbrand convokers
  6 necromancers
  4 harpies
  19 wolf spiders
  A faun (Depths:3)
  7 orb spiders
  46 deep elf magi
  4 cyclopes (Vaults:1)
  4 shining eyes
  A sphinx skeleton (Vaults:4)
  A human zombie (Vaults:4)
  36 ugly things
  2 manticores
  5 elephants (Lair:6)
  11 orc sorcerers
  A frost giant skeleton (Vaults:4)
  A black mamba (shapeshifter) (Elf:3)
  6 black mambas
  10 moths of wrath
  11 vault sentinels
  A guardian serpent (shapeshifter) (Depths:3)
  An eye of devastation (shapeshifter) (Vaults:4)
  A gargoyle (D:12)
  3 ice statues (IceCv)
  A smoke demon (Depths:3)
  A torpor snail (Spider:4)
  5 centaur skeletons
  A yaktaur (shapeshifter) (Vaults:5)
  18 spiny frogs
  3 kobold demonologists
  58 yaktaurs
  19 rime drakes
  2 tengu conjurers
  A yaktaur skeleton (Vaults:4)
  7 komodo dragons
  8 freezing wraiths
  9 demonic crawlers
  A hellwing (Depths:3)
  2 trolls
  3 meliai (D:15)
  4 polar bears
  A queen bee (D:10)
  A human skeleton (Vaults:2)
  A hornet (shapeshifter) (Depths:2)
  15 hornets
  3 bog bodies
  4 tyrant leeches
  30 jumping spiders
  2 ettin zombies
  4 blink frogs (Lair:1)
  10 hippogriffs
  58 slime creatures
  22 dream sheep
  2 spriggans
  An air elemental (Elf:1)
  5 shadows
  24 redbacks
  A vampire (D:15)
  7 water elementals
  15 tarantellas
  A tarantella (shapeshifter) (Depths:4)
  4 ynoxinuls (Trove)
  7 wraiths
  A yak (shapeshifter) (D:15)
  15 yaks
  A fire bat (shapeshifter) (Vaults:2)
  The ghost of ThereIsNoGod the Magician, an amateur SpVM (D:4)
  9 wyverns
  8 basilisks
  Eustachio (D:5)
  A basilisk (shapeshifter) (Vaults:4)
  6 golden eyes
  13 vampire mosquitoes
  A fire elemental (Elf:1)
  Grum (D:10)
  4 hungry ghosts
  A warg (shapeshifter) (Vaults:5)
  7 wargs
  A soldier ant (D:13)
  2 insubstantial wisps (Swamp:3)
  8 swamp worms
  15 water moccasins
  18 porcupines
  Duvessa (D:5)
  7 swamp drakes
  26 orc warriors
  Purgy (Sewer)
  9 ice beasts
  5 sky beasts
  A necrophage (D:6)
  2 eyes of draining
  25 ogres
  2 phantoms
  A boggart (Vaults:2)
  12 wolves
  13 centaurs
  14 crocodiles
  3 big kobolds
  Blork the orc (D:5)
  A bullfrog (shapeshifter) (Vaults:5)
  16 bullfrogs
  2 earth elementals
  2 gnoll sergeants
  8 scorpions
  Dowan (D:5)
  29 killer bees
  5 howler monkeys (D:12)
  3 electric eels
  4 quasits
  8 crimson imps
  A human simulacrum (Vaults:2)
  A bullfrog zombie (D:6)
  2 iron imps (Depths:3)
  3 hounds
  19 orc priests
  11 jellies
  Crazy Yiuf (D:5)
  4 bullfrog skeletons
  3 iguanas
  22 orc wizards
  10 worker ants
  A lightning spire (Zot:3)
  A worker ant (shapeshifter) (D:15)
  A killer bee zombie (D:5)
  2 big kobold zombies (Ossuary)
  2 hound skeletons
  3 mummies (Ossuary)
  12 gnolls
  21 adders
  A river rat (D:5)
  A shadow imp (Depths:3)
  2 white imps (Depths:3)
  21 oozes
  3 adder skeletons
  6 worms
  2 dart slugs
  3 leopard geckos
  79 orcs
  3 ball pythons
  A bat skeleton (D:2)
  8 giant cockroaches
  A gnoll zombie (Ossuary)
  6 hobgoblins
  7 jackals
  5 quokkas
  17 bats
  3 frilled lizards
  A giant cockroach zombie (D:2)
  3 goblins
  A goblin zombie (Ossuary)
  6 hobgoblin zombies (Ossuary)
  2 jackal skeletons
  18 kobolds
  A kobold zombie (Ossuary)
  A leopard gecko skeleton (D:2)
  8 rats
  A briar patch (Swamp:4)
1688 creatures vanquished.

Vanquished Creatures (collateral kills)
  A juggernaut (Depths:2)
  2 caustic shrikes (Depths:2)
  Saint Roka (Elf:3)
  the Enchantress (Depths:3)
  An electric golem (Zot:3)
  Arachne (Spider:4)
  A lich (Depths:1)
  8 tentacled monstrosities
  A titan (Depths:4)
  2 deep elf blademasters (Elf:3)
  2 deep elf master archers (Elf:3)
  2 quicksilver dragons
  3 death cobs
  A sphinx (Depths:2)
  6 shadow dragons
  Donald (Spider:1)
  2 tengu reavers
  8 acid blobs (Slime:5)
  3 draconian monks
  2 thorn hunters
  10 azure jellies
  4 storm dragons
  4 vault wardens
  3 fire giants
  An iron dragon (Depths:4)
  5 deep elf sorcerers
  2 frost giants (Depths:2)
  A ghost moth (Spider:4)
  A draconian knight (Zot:2)
  A balrug (Depths:1)
  An emperor scorpion (Spider:4)
  A draconian shifter (Zot:3)
  6 deep elf elementalists
  5 draconian annihilators
  3 ironheart preservers
  2 draconian scorchers
  2 draconian stormcallers
  4 spriggan defenders
  2 war gargoyles (Vaults:5)
  10 stone giants
  4 entropy weavers
  8 very ugly things
  4 green draconians
  2 vampire knights
  12 deep elf annihilators
  A spark wasp (Spider:4)
  6 deep elf demonologists
  2 purple draconians (Zot:2)
  A dire elephant (Lair:6)
  A black draconian (Zot:2)
  2 yellow draconians (Zot:2)
  4 red draconians
  3 ettins
  7 deep elf death magi
  3 white draconians
  2 merfolk javelineers (Depths:5)
  A blizzard demon (Depths:1)
  6 death oozes (Slime:5)
  8 deep elf high priests
  2 yaktaur captains
  3 great orbs of eyes
  3 jiangshi (Depths:2)
  3 fire dragons
  2 rakshasas (Depths:3)
  8 ice dragons
  3 ghost crabs
  2 vault guards
  10 hydras
  2 spriggan air magi (Depths:3)
  2 centaur warriors
  17 two-headed ogres
  A death knight (Vaults:5)
  3 alligators
  5 ogre magi
  14 dancing weapons
  3 deep troll earth magi
  2 tengu warriors (Depths:3)
  4 deep troll shamans
  10 spriggans
  4 spriggan berserkers
  A vampire mage (Depths:2)
  9 deep elf knights
  2 titan zombies (Depths:4)
  11 hell knights
  A soul eater (Depths:2)
  2 iron trolls (Depths:2)
  A small abomination (Elf:3)
  4 sun demons (Depths:1)
  A fire crab (shapeshifter) (Depths:2)
  2 storm dragon skeletons (Vaults:3)
  A flayed ghost (Depths:2)
  7 swamp dragons
  A glowing orange brain (Slime:2)
  12 deep trolls
  4 spriggan druids
  4 ironbrand convokers
  2 shambling mangroves
  9 deep elf archers
  2 lindwurms (Swamp:4)
  11 orb spiders
  A harpy (Vaults:2)
  13 ugly things
  An orc knight (Vaults:1)
  7 wolf spiders
  16 deep elf magi
  7 necromancers
  A tengu zombie (Vaults:3)
  A fire giant zombie (Vaults:3)
  A faun (Depths:3)
  A cyclops (Vaults:1)
  3 shining eyes
  2 shadow dragon skeletons (Depths:4)
  6 moths of wrath
  A tengu skeleton (Depths:4)
  3 elephants (Lair:6)
  2 black mambas
  A vault sentinel (Vaults:5)
  A torpor snail (Lair:5)
  3 rust devils
  3 eyes of devastation
  A guardian serpent (shapeshifter) (Vaults:1)
  7 spiny frogs
  A hellion (Depths:2)
  A rime drake (Lair:2)
  A spiny frog (shapeshifter) (Depths:3)
  24 yaktaurs
  5 ice devils
  A demonic crawler (Spider:4)
  5 tengu conjurers
  A polar bear (Lair:6)
  A tyrant leech (Swamp:4)
  10 jumping spiders
  15 hornets
  A raiju (shapeshifter) (Depths:1)
  A sphinx simulacrum (Vaults:2)
  3 bog bodies
  5 blink frogs
  11 dream sheep
  61 slime creatures
  A dream sheep (shapeshifter) (Vaults:5)
  15 redbacks
  A redback (shapeshifter) (Vaults:4)
  2 water elementals
  A wyvern (Lair:5)
  A tarantella (Spider:2)
  A hog (shapeshifter) (Depths:2)
  2 yaks
  2 fire elementals
  2 vampire mosquitoes
  2 human simulacra (Vaults:3)
  A warg (Elf:3)
  2 insubstantial wisps (Swamp:3)
  8 swamp worms
  2 water moccasins
  2 porcupines
  2 floating eyes
  8 swamp drakes
  6 orc warriors
  A black bear (shapeshifter) (Vaults:4)
  3 eyes of draining
  10 ogres
  An eye of draining (shapeshifter) (Vaults:5)
  2 boggarts (Vaults:2)
  6 wolves (Lair:2)
  2 crocodiles (Lair:6)
  A human zombie (Vaults:2)
  2 bullfrogs
  An earth elemental (Elf:2)
  2 scorpions
  7 killer bees (D:10)
  8 crimson imps
  An orc priest (Orc:2)
  A centaur skeleton (D:12)
  3 orc wizards (Orc:2)
  8 white imps
  10 orcs
  A giant cockroach (Lair:4)
  A quokka skeleton (D:10)
  2 fungi (Lair:6)
  3 plants (Depths:5)
750 creatures vanquished.

Vanquished Creatures (others)
  The ghost of Galewind the Sorcerer, a veteran DECj of Vehumet (Vaults:5)
  A war gargoyle (Vaults:5)
  A vampire knight (Depths:2)
  A centaur warrior (D:15)
  An ogre mage (Depths:3)
  A dancing weapon (Elf:1)
  2 deep elf knights
  A lindwurm (Swamp:4)
  2 deep elf magi
  A necromancer (Depths:5)
  A moth of wrath (Zot:3)
  A jumping spider (Spider:3)
  A golden eye (Slime:5)
  A swamp worm (Swamp:3)
  2 wargs
  2 swamp drakes (Swamp:4)
  A slave (D:5)
  A boggart (Vaults:2)
  2 centaurs
  An orc priest (D:5)
  6 orc wizards
  6 orcs
  A kobold (D:10)
  4 briar patches (Swamp:4)
  A bush (D:10)
  2 crawling corpses (Elf:1)
  15 fungi
  28 plants
88 creatures vanquished.

Grand Total: 2526 creatures vanquished

Notes
Turn   | Place    | Note
-------+----------+-------------------------------------------
     0 | D:1      | mhoghedin the Ghoul Necromancer began the quest for the Orb.
     0 | D:1      | Reached XP level 1. HP: 14/14 MP: 2/2
   308 | D:1      | Reached XP level 2. HP: 16/19 MP: 1/3
  1006 | D:1      | Reached XP level 3. HP: 12/26 MP: 0/4
  1184 | D:1      | Learned a level 1 spell: Animate Skeleton
  1188 | D:1      | Learned a level 3 spell: Vampiric Draining
  1232 | D:1      | Reached skill level 5 in Necromancy
  1573 | D:2      | Found a stormy altar of Qazlal.
  1864 | D:2      | Found a white marble altar of Elyvilon.
  1986 | D:2      | HP: 5/25 [adder (3)]
  2500 | D:2      | Reached skill level 1 in Short Blades
  2500 | D:2      | Reached skill level 1 in Slings
  2500 | D:2      | Reached XP level 4. HP: 33/33 MP: 5/5
  2580 | D:2      | Found a faded altar of an unknown god.
  2785 | D:2      | Found a hazy altar of Hepliaklqana.
  2979 | D:3      | Reached XP level 5. HP: 12/37 MP: 6/6
  3051 | D:3      | Reached skill level 2 in Short Blades
  3051 | D:3      | Reached skill level 2 in Slings
  3597 | D:4      | Found a sand-covered staircase.
  3606 | Ossuary  | Entered an ossuary
  3606 | Ossuary  | Noticed a wraith
  3606 | Ossuary  | Noticed a wraith
  3606 | Ossuary  | Noticed a wraith
  3904 | Ossuary  | Reached XP level 6. HP: 37/43 MP: 7/7
  3959 | Ossuary  | Noticed a wraith
  4362 | D:4      | Found a staircase to the Ecumenical Temple.
  4402 | Temple   | Entered the Ecumenical Temple
  4451 | Temple   | Became a worshipper of Kikubaaqudgha
  4491 | D:4      | Noticed ThereIsNoGod's ghost (amateur SpVM)
  4518 | D:4      | Killed ThereIsNoGod's ghost
  4518 | D:4      | Reached skill level 3 in Short Blades
  4518 | D:4      | Reached skill level 3 in Slings
  4787 | D:4      | Reached skill level 2 in Dodging
  4787 | D:4      | Reached XP level 7. HP: 43/50 MP: 8/8
  4793 | D:4      | Reached skill level 1 in Fighting
  5132 | D:5      | Entered Level 5 of the Dungeon
  5167 | D:5      | Noticed Blork the orc
  5186 | D:5      | HP: 11/53 [Blork the orc/trident of protection (12)]
  5188 | D:5      | Killed Blork the orc
  5188 | D:5      | Reached skill level 2 in Fighting
  5314 | D:5      | Found a glowing drain.
  5344 | Sewer    | Entered a sewer
  5576 | Sewer    | Noticed Purgy
  5587 | Sewer    | Killed Purgy
  5587 | Sewer    | Reached skill level 3 in Fighting
  5587 | Sewer    | Reached skill level 3 in Dodging
  5607 | Sewer    | Got a faintly humming robe
  5627 | Sewer    | Identified the +2 robe of the Swamp {*Drain rElec Dex+2} (You found it in a sewer)
  5680 | D:5      | Learned a level 4 spell: Animate Dead
  5745 | D:5      | Reached * piety under Kikubaaqudgha
  5745 | D:5      | Identified Kikubaaqudgha's Catalogue of Evil Rituals (Kikubaaqudgha gifted it to you on level 5 of the Dungeon)
  5745 | D:5      | Received a gift from Kikubaaqudgha
  5753 | D:5      | Noticed Eustachio
  5776 | D:5      | Killed Eustachio
  5776 | D:5      | Reached skill level 4 in Fighting
  5776 | D:5      | Reached skill level 4 in Dodging
  5776 | D:5      | Reached XP level 8. HP: 61/66 MP: 2/9
  5867 | D:5      | Found an opulent altar of Gozag.
  5869 | D:5      | Found Gozag's Platinum Reserve.
  5973 | D:5      | Noticed Pikel
  6033 | D:5      | Killed Pikel
  6033 | D:5      | Reached skill level 7 in Necromancy
  6428 | D:5      | Noticed Duvessa
  6428 | D:5      | Noticed Dowan
  6517 | D:5      | Killed Dowan
  6550 | D:5      | Killed Duvessa
  6815 | D:5      | Found a runed door.
  6877 | D:5      | Noticed Crazy Yiuf
  6885 | D:5      | Killed Crazy Yiuf
  6934 | D:6      | Reached XP level 9. HP: 68/70 MP: 10/10
  6984 | D:6      | Reached skill level 4 in Short Blades
  7076 | D:6      | Reached skill level 5 in Fighting
  7175 | D:6      | Found a burning altar of Makhleb.
  7180 | D:6      | Reached skill level 1 in Shields
  7190 | D:6      | Reached skill level 2 in Shields
  7264 | D:6      | Noticed Thaneod's ghost (novice DEFE)
  7421 | D:6      | Killed Thaneod's ghost
  7421 | D:6      | Reached skill level 6 in Fighting
  7421 | D:6      | Reached skill level 3 in Shields
  7504 | D:6      | Reached ** piety under Kikubaaqudgha
  7681 | D:7      | Learned a level 2 spell: Corpse Rot
  7693 | D:7      | Reached skill level 4 in Shields
  7836 | D:7      | Reached skill level 5 in Dodging
  7866 | D:7      | Reached skill level 7 in Fighting
  8217 | D:7      | Reached XP level 10. HP: 86/86 MP: 11/11
  8268 | D:7      | Reached skill level 6 in Dodging
  8334 | D:7      | Reached skill level 8 in Fighting
  9211 | D:8      | Reached *** piety under Kikubaaqudgha
  9211 | D:8      | Identified Kikubaaqudgha's Reference Book on Evil (Kikubaaqudgha gifted it to you on level 8 of the Dungeon)
  9211 | D:8      | Received a gift from Kikubaaqudgha
  9372 | D:8      | Found a glowing golden altar of the Shining One.
  9641 | D:9      | Reached skill level 2 in Spellcasting
  9701 | D:9      | Found an iron altar of Okawaru.
 10199 | D:10     | Entered Level 10 of the Dungeon
 10199 | D:10     | Noticed Gastronok
 10220 | D:10     | HP: 21/86 [Gastronok/the air (28)]
 10229 | D:10     | Killed Gastronok
 10229 | D:10     | Reached skill level 4 in Spellcasting
 10229 | D:10     | Reached skill level 9 in Necromancy
 10229 | D:10     | Reached XP level 11. HP: 13/91 MP: 1/16
 10544 | D:10     | Learned a level 6 spell: Simulacrum
 10594 | D:10     | Reached skill level 1 in Ice Magic
 10686 | D:10     | Reached skill level 2 in Ice Magic
 10810 | D:10     | Reached skill level 3 in Ice Magic
 10816 | D:10     | Noticed Grum
 10841 | D:10     | Killed Grum
 10897 | D:10     | Found a staircase to the Lair.
 10917 | D:10     | Reached **** piety under Kikubaaqudgha
 10928 | D:10     | Reached skill level 10 in Necromancy
 10929 | D:10     | Found a staircase to the Orcish Mines.
 10936 | D:10     | Reached skill level 4 in Ice Magic
 10994 | D:10     | HP: 21/95 [troll (10)]
 10998 | D:10     | HP: 10/95 [porcupine (6)]
 11025 | D:10     | HP: 23/95 [orc priest/falchion (1)]
 11029 | D:10     | HP: 7/95 [orc priest/falchion (5)]
 11034 | D:9      | HP: 10/95 [orc priest/falchion (3)]
 11035 | D:9      | HP: 4/95 [orc priest/falchion (3)]
 11117 | D:10     | Noticed Nib's ghost (journeyman DsGl)
 11433 | Lair:1   | Entered Level 1 of the Lair of Beasts
 11542 | Lair:1   | Reached skill level 5 in Ice Magic
 11812 | Lair:1   | Reached skill level 4 in Slings
 11999 | Lair:1   | Reached skill level 6 in Ice Magic
 12453 | Lair:1   | Reached XP level 12. HP: 70/103 MP: 2/18
 12455 | Lair:1   | Reached ***** piety under Kikubaaqudgha
 12774 | Lair:2   | Reached skill level 5 in Slings
 13032 | Lair:2   | Reached skill level 11 in Necromancy
 13313 | Lair:2   | Reached skill level 7 in Ice Magic
 13705 | Lair:2   | Found a glowing golden altar of the Shining One.
 14381 | Lair:3   | Found the +8 whip "Snakebite" {curare, rPois}
 14577 | Lair:3   | Reached skill level 8 in Ice Magic
 14711 | Lair:3   | Found a staircase to the Swamp.
 15335 | Lair:4   | Got a pair of dazzling boots
 15346 | Lair:4   | Identified the +2 pair of boots "Sualach" {rPois rC++} (You found it on level 4 of the Lair of Beasts)
 15472 | Lair:4   | Reached skill level 12 in Necromancy
 15502 | Lair:4   | Found a hole to the Spider Nest.
 15532 | Lair:4   | HP: 20/99 [demonic crawler (8)]
 15544 | Lair:4   | HP: 19/98 [yak (5)]
 15550 | Lair:4   | HP: 17/98 [bullfrog (2)]
 15556 | Lair:4   | HP: 9/98 [yak (8)]
 15557 | Lair:4   | Reached skill level 9 in Ice Magic
 16727 | Lair:4   | Reached skill level 1 in Maces & Flails
 16734 | Lair:4   | Reached skill level 2 in Maces & Flails
 16750 | Lair:4   | Learned a level 3 spell: Regeneration
 16874 | Lair:4   | Reached XP level 13. HP: 103/103 MP: 19/19
 16876 | Lair:4   | Reached skill level 3 in Maces & Flails
 16927 | Lair:5   | Found a labyrinth entrance.
 17179 | Lair:5   | Learned a level 2 spell: Blink
 17245 | Lair:5   | Found a runed door.
 17246 | Lair:5   | Found a viscous altar of Jiyva.
 17248 | Lair:5   | Found a staircase to the Slime Pits.
 17261 | Lair:5   | Reached skill level 4 in Maces & Flails
 17318 | Lair:5   | Reached skill level 5 in Maces & Flails
 17657 | Lair:5   | Reached skill level 6 in Maces & Flails
 17958 | Lair:5   | Reached skill level 7 in Maces & Flails
 18252 | Lair:5   | Noticed Urug
 18278 | Lair:5   | Killed Urug
 18278 | Lair:5   | Reached skill level 9 in Fighting
 18280 | Lair:5   | HP: 21/111 [crocodile (17)]
 18352 | Lair:5   | Reached skill level 8 in Maces & Flails
 18423 | Lair:6   | Entered Level 6 of the Lair of Beasts
 18430 | Lair:6   | Noticed a dire elephant
 18660 | Lair:6   | Reached skill level 10 in Fighting
 18803 | Lair:6   | Reached skill level 9 in Maces & Flails
 18875 | Lair:6   | Reached XP level 14. HP: 91/122 MP: 1/20
 18971 | Lair:6   | Found a dark tunnel.
 19004 | Volcano  | Entered a volcano
 19309 | Lair:6   | Reached skill level 11 in Fighting
 19572 | Lair:6   | Reached skill level 10 in Maces & Flails
 19600 | Lair:6   | HP: 29/124 [dire elephant (11)]
 19606 | Lair:6   | Killed a dire elephant
 19631 | Lair:6   | Noticed Rupert
 19661 | Lair:6   | Killed Rupert
 19864 | Lair:6   | Got a jewelled mace
 19879 | Lair:6   | Identified the +6 mace of Equilibrium {freeze, rElec rPois rC- Dex+5} (You found it on level 6 of the Lair of Beasts)
 20230 | D:10     | Killed Nib's ghost
 20823 | D:11     | Reached skill level 10 in Ice Magic
 20949 | D:11     | Reached skill level 5 in Spellcasting
 20955 | D:11     | Got a shimmering chain mail
 21809 | D:12     | Noticed Thaneod's ghost (journeyman DEFE)
 21878 | D:12     | Killed Thaneod's ghost
 22034 | D:12     | Reached skill level 13 in Necromancy
 22070 | D:12     | Identified the +2 chain mail "Helapet" {Int+3} (You found it on level 11 of the Dungeon)
 22073 | D:12     | Found Vysup's Jewellery Shoppe.
 22187 | D:12     | Reached ****** piety under Kikubaaqudgha
 22719 | D:13     | Identified 3 scrolls of acquirement
 22949 | D:13     | Found the ring of the Octopus King
 22955 | D:13     | Got a ring of the Octopus King
 23024 | D:13     | Identified a ring of the Octopus King {Wiz AC+1 EV+1 Str+1 Int+1 Dex+1} (You found it on level 13 of the Dungeon)
 23138 | D:13     | Found a frozen archway.
 23143 | D:13     | Reached skill level 6 in Spellcasting
 23162 | IceCv    | Entered an ice cave
 23204 | IceCv    | Reached XP level 15. HP: 116/131 MP: 23/23
 23229 | IceCv    | Got pitted pearl dragon scales
 23275 | IceCv    | Identified the +4 pearl dragon scales of the Untouchables {rC+ rN+ MR+ Regen+ SInv} (You found it in an ice cave)
 23304 | IceCv    | Reached skill level 11 in Ice Magic
 23403 | IceCv    | Learned a level 5 spell: Dispel Undead
 23467 | IceCv    | Got warped ice dragon scales
 23490 | IceCv    | Identified the +5 ice dragon scales of Dogeitig {+Fly rF- rC++ Regen+ Dex-5 Stlth+} (You found it in an ice cave)
 23847 | Orc:1    | Entered Level 1 of the Orcish Mines
 23852 | Orc:1    | Reached skill level 7 in Dodging
 24055 | Orc:1    | Reached skill level 1 in Translocations
 24074 | Orc:1    | Reached skill level 1 in Armour
 24185 | Orc:1    | Found Legetzai's Antique Weapon Shop.
 24194 | Orc:1    | Bought a faintly glowing hunting sling for 201 gold pieces
 24194 | Orc:1    | Identified the cursed +1 hunting sling of the Fulmar {speed, rElec rF+} (You bought it in a shop on level 1 of the Orcish Mines)
 24299 | Orc:2    | Entered Level 2 of the Orcish Mines
 24299 | Orc:2    | Found a roughly hewn altar of Beogh.
 24480 | Orc:2    | Found a staircase to the Elven Halls.
 24519 | Orc:2    | Reached skill level 12 in Fighting
 24901 | Orc:2    | Paralysed by an orc sorcerer for 5 turns
 24937 | Orc:2    | Found Panta's Antique Weapon Boutique.
 24944 | Orc:2    | Reached skill level 2 in Translocations
 24965 | Orc:2    | Bought a transparent mace for 232 gold pieces
 24965 | Orc:2    | Identified the +5 mace "Qadd" {antimagic, rElec Str+4 Dex+2} (You bought it in a shop on level 2 of the Orcish Mines)
 24979 | Orc:2    | Found a radiant altar of Vehumet.
 24987 | Orc:2    | Reached skill level 2 in Armour
 25012 | Orc:2    | Noticed Nergalle
 25031 | Orc:2    | Killed Nergalle
 25059 | Orc:2    | Found a roughly hewn altar of Beogh.
 25059 | Orc:2    | Found Tallet Zuruq's Magic Scroll Shop.
 25071 | Orc:2    | Found Qipsaff's Gadget Boutique.
 25254 | Orc:2    | Found Sieklih's Magic Scroll Shop.
 25299 | Orc:2    | Found an ancient bone altar of Kikubaaqudgha.
 25975 | D:14     | Found a gate to the Vaults.
 26039 | D:14     | Found Kebity's Distillery.
 26180 | D:14     | Found a runed door.
 26181 | D:14     | Noticed an orc warlord
 26188 | D:14     | Noticed a fire giant
 26540 | D:15     | Entered Level 15 of the Dungeon
 26661 | D:15     | Found a portal to a secret trove of treasure.
 26894 | D:15     | Noticed Louise
 26940 | D:15     | Killed Louise
 27198 | D:15     | Noticed Josephine
 27201 | D:15     | Noticed Sonja
 27228 | D:15     | Killed Josephine
 27329 | D:15     | Killed Sonja
 27329 | D:15     | Reached skill level 12 in Ice Magic
 27387 | D:15     | HP: 25/132 [rakshasa (illusionary)/orb of energy (15)]
 27580 | D:15     | Reached skill level 1 in Staves
 27581 | D:15     | HP: 29/132 [meliai (illusionary)/divine providence (12)]
 27585 | D:15     | HP: 13/132 [meliai (illusionary)/hand axe (2)]
 27591 | D:15     | HP: 22/132 [meliai (illusionary)/hand axe (3)]
 27607 | D:15     | HP: 14/132 [rakshasa/orb of energy (6)]
 28128 | D:15     | Found a staircase to the Depths.
 28276 | D:14     | Upgraded the game from 0.22-a0-301-gf0fe05c to 0.22-a0-303-g4a852b3
 28464 | D:15     | Reached skill level 3 in Armour
 28802 | Spider:1 | Entered Level 1 of the Spider Nest
 28850 | Spider:1 | Reached XP level 16. HP: 101/141 MP: 14/24
 29494 | Spider:1 | Noticed Donald
 29507 | Spider:1 | Killed Donald
 29763 | Spider:1 | Reached skill level 8 in Dodging
 30201 | Spider:2 | Reached skill level 11 in Maces & Flails
 30302 | Spider:2 | Reached skill level 5 in Shields
 30351 | Spider:2 | You fall through a shaft!
 30444 | Spider:3 | Found a transporter.
 30688 | Spider:3 | Found a transporter.
 31023 | Spider:3 | Reached skill level 6 in Shields
 31527 | Spider:3 | Got a vibrating marble ring
 31541 | Spider:3 | Got a transparent graven amulet
 31551 | Spider:3 | Identified the amulet of Saruorgh {Gourm rElec Int+5} (You found it on level 3 of the Spider Nest)
 31553 | Spider:3 | Identified the ring "Calus" {Wiz +Inv rF+ Str+3} (You found it on level 3 of the Spider Nest)
 31583 | Spider:4 | Entered Level 4 of the Spider Nest
 31678 | Spider:4 | Noticed Arachne
 31698 | Spider:4 | Reached skill level 7 in Shields
 31712 | Spider:4 | Killed Arachne
 31790 | Spider:4 | Reached skill level 8 in Shields
 32276 | Spider:4 | Reached skill level 9 in Shields
 32279 | Spider:4 | HP: 34/140 [spark wasp (5)]
 32307 | Spider:4 | HP: 29/140 [wolf spider (8)]
 32318 | Spider:4 | HP: 29/140 [wolf spider (6)]
 32336 | Spider:4 | HP: 27/140 [wolf spider (8)]
 32346 | Spider:4 | HP: 19/140 [wolf spider (8)]
 32951 | Spider:4 | Reached skill level 10 in Shields
 32951 | Spider:4 | Reached XP level 17. HP: 36/145 MP: 6/25
 33096 | Spider:4 | Reached skill level 4 in Armour
 33352 | Spider:4 | Got a gossamer rune of Zot
 34071 | Swamp:1  | Entered Level 1 of the Swamp
 34320 | Swamp:1  | Reached skill level 13 in Fighting
 34876 | Swamp:2  | Reached skill level 5 in Armour
 35605 | Swamp:3  | Reached skill level 9 in Dodging
 35662 | Swamp:3  | Noticed Roxanne
 35693 | Swamp:3  | Killed Roxanne
 35874 | Swamp:3  | Got a pair of pitted boots
 35875 | Swamp:3  | Identified the +0 pair of boots of Melancholy {-Tele Str+5 Dex+4} (You found it on level 3 of the Swamp)
 36305 | Swamp:4  | Entered Level 4 of the Swamp
 36452 | Swamp:4  | Reached skill level 6 in Armour
 36495 | Swamp:4  | Reached skill level 11 in Shields
 36526 | Swamp:4  | Got a decaying rune of Zot
 36739 | Swamp:4  | Reached XP level 18. HP: 74/159 MP: 14/26
 37227 | Swamp:4  | Received a gift from Kikubaaqudgha
 37454 | Elf:1    | Entered Level 1 of the Elven Halls
 37479 | Elf:1    | Noticed Aizul
 37482 | Elf:1    | HP: 39/159 [deep elf mage/bolt of lightning (11)]
 37508 | Elf:1    | Killed Aizul
 37845 | Elf:1    | Reached skill level 7 in Spellcasting
 37872 | Elf:1    | Learned a level 8 spell: Infestation
 37909 | Elf:1    | Reached skill level 14 in Necromancy
 38382 | Elf:1    | Found Vuduck's Armour Shop.
 38919 | Orc:2    | Reached skill level 15 in Necromancy
 38950 | Orc:2    | Bought a scroll of enchant weapon for 75 gold pieces
 38950 | Orc:2    | Bought a scroll of amnesia for 35 gold pieces
 38950 | Orc:2    | Bought a scroll of amnesia for 35 gold pieces
 38950 | Orc:2    | Bought a scroll of amnesia for 35 gold pieces
 38981 | Orc:2    | Bought a scroll of enchant weapon for 105 gold pieces
 38981 | Orc:2    | Bought a scroll of teleportation for 42 gold pieces
 38981 | Orc:2    | Bought a scroll of teleportation for 42 gold pieces
 38990 | Orc:2    | Learned a level 7 spell: Haunt
 39136 | D:15     | You paid a toll of a +5 demon whip to enter a treasure trove
 39137 | Trove    | Entered a treasure trove
 39492 | Vaults:1 | Entered Level 1 of the Vaults
 39640 | Vaults:1 | Reached skill level 2 in Staves
 39649 | Vaults:1 | Reached skill level 1 in Summonings
 39672 | Vaults:1 | Reached skill level 1 in Evocations
 40001 | Vaults:1 | Reached skill level 2 in Summonings
 40021 | Vaults:1 | Reached skill level 2 in Evocations
 40081 | Vaults:1 | Reached skill level 3 in Staves
 40152 | Vaults:1 | Reached skill level 3 in Summonings
 40212 | Vaults:1 | Reached skill level 3 in Evocations
 40333 | Vaults:1 | Found Vohor's Weapon Shop.
 40390 | Vaults:1 | Reached skill level 4 in Summonings
 40436 | Vaults:1 | Reached skill level 4 in Evocations
 40832 | Vaults:1 | Reached XP level 19. HP: 125/165 MP: 25/28
 40945 | Vaults:1 | Reached skill level 4 in Staves
 41071 | Vaults:1 | Reached skill level 5 in Summonings
 41294 | Vaults:1 | Reached skill level 5 in Evocations
 41715 | Vaults:2 | Reached skill level 5 in Staves
 41885 | Vaults:2 | Reached skill level 6 in Summonings
 41905 | Vaults:2 | HP: 39/166 [deep elf archer/arrow (9)]
 41920 | Vaults:2 | Reached skill level 6 in Evocations
 42113 | Vaults:2 | HP: 32/166 [slime creature (13)]
 42132 | Vaults:2 | HP: 32/166 [slime creature (14)]
 42142 | Vaults:2 | HP: 33/166 [slime creature (9)]
 42149 | Vaults:2 | HP: 29/166 [slime creature (2)]
 42156 | Vaults:2 | HP: 17/166 [large slime creature (12)]
 42426 | Vaults:2 | Found a glowing golden altar of the Shining One.
 42630 | Vaults:2 | Reached skill level 6 in Staves
 42790 | Vaults:2 | Found a staircase to the Crypt.
 44133 | Vaults:3 | HP: 36/166 [two-headed ogre/giant spiked club (10)]
 44139 | Vaults:3 | HP: 39/166 [stone giant (10)]
 44158 | Vaults:3 | HP: 34/166 [stone giant (20)]
 44430 | Vaults:3 | Reached skill level 7 in Summonings
 44436 | Vaults:3 | HP: 39/166 [yaktaur/bolt[a vault warden] (7)]
 44447 | Vaults:3 | HP: 26/166 [yaktaur[a vault warden] (8)]
 44509 | Vaults:3 | Reached skill level 7 in Evocations
 44746 | Vaults:3 | Reached skill level 7 in Staves
 44962 | Vaults:3 | Reached XP level 20. HP: 53/173 MP: 2/29
 44966 | Vaults:3 | HP: 41/173 [storm dragon skeleton[a necromancer] (12)]
 44980 | Vaults:3 | Reached skill level 8 in Evocations
 44998 | Vaults:3 | mhoghedin: I'm having trouble :(
 45217 | Vaults:3 | Reached skill level 8 in Staves
 46079 | Vaults:4 | Reached skill level 8 in Summonings
 46099 | Vaults:4 | HP: 32/173 [yaktaur/bolt[a vault warden] (15)]
 46396 | Vaults:4 | Reached skill level 16 in Necromancy
 46784 | Vaults:4 | Reached skill level 9 in Summonings
 47727 | Vaults:4 | Reached skill level 10 in Summonings
 47920 | Vaults:4 | Reached XP level 21. HP: 169/180 MP: 30/30
 48075 | Vaults:5 | Entered Level 5 of the Vaults
 48090 | Vaults:5 | Reached skill level 17 in Necromancy
 48093 | Vaults:5 | HP: 42/180 [vault guard/exploding inner flame[the player character] (15)]
 48095 | Vaults:5 | Noticed an ancient lich
 48282 | Vaults:5 | Noticed Boris
 48285 | Vaults:5 | Killed an ancient lich
 48285 | Vaults:5 | Reached skill level 11 in Summonings
 48289 | Vaults:5 | Noticed an ancient lich
 48292 | Vaults:5 | Killed Boris
 48592 | Vaults:4 | Killed an ancient lich
 49060 | Vaults:5 | Reached skill level 12 in Summonings
 49123 | Vaults:5 | Reached skill level 18 in Necromancy
 49200 | Vaults:5 | Got an ancient chain mail
 49201 | Vaults:5 | Identified the +1 chain mail of Amorality {rF++ Str+4 Slay+2} (You found it on level 5 of the Vaults)
 49225 | Vaults:5 | Got a translucent platinum amulet
 49226 | Vaults:5 | Identified the amulet "Ruikkyth" {+Blink rElec rPois Regen+ Int+5} (You found it on level 5 of the Vaults)
 49509 | Vaults:5 | HP: 42/180 [yaktaur captain (13)]
 49518 | Vaults:5 | HP: 36/180 [iron dragon (14)]
 49521 | Vaults:5 | HP: 8/180 [iron dragon (14)]
 49746 | Vaults:5 | Reached XP level 22. HP: 126/188 MP: 6/31
 50440 | Vaults:5 | Reached skill level 12 in Shields
 50493 | Vaults:5 | Noticed Galewind's ghost (veteran DECj)
 50513 | Vaults:5 | HP: 37/188 [Galewind's ghost/great blast of fire (49)]
 50520 | Vaults:5 | Killed Galewind's ghost
 50938 | Vaults:5 | Found Jacan's Book Boutique.
 51219 | Vaults:5 | Reached skill level 13 in Summonings
 51382 | Vaults:5 | HP: 46/188 [freezing wraith[a deep elf high priest] (4)]
 51539 | Vaults:5 | Got a coiled steel ring
 51657 | Vaults:5 | Identified the Catalogue of Sinister Battle Magic
 51666 | Vaults:5 | Got a silver rune of Zot
 51670 | Vaults:5 | Identified the Incunabulum of Beguiling
 51720 | Vaults:5 | Identified the ring of Javorame {Ice Int+4} (You took it off a vault warden on level 5 of the Vaults)
 52560 | Elf:2    | Reached skill level 8 in Spellcasting
 52628 | Elf:2    | Learned a level 8 spell: Infestation
 52822 | Depths:1 | Entered Level 1 of the Depths
 53056 | Depths:1 | Got a warped bone ring
 53073 | Depths:1 | Identified the ring "Qocra" {Ice -Tele rElec rN+ MR+ Dex+3} (You found it on level 1 of the Depths)
 53151 | Depths:1 | Reached skill level 19 in Necromancy
 53174 | Depths:1 | HP: 32/187 [enormous slime creature (69)]
 53319 | Depths:1 | Found a gateway to Hell.
 53406 | Depths:1 | Found a one-way gate to the infinite horrors of the Abyss.
 53412 | Depths:1 | Upgraded the game from 0.22-a0-303-g4a852b3 to 0.22-a0-305-gd21a89c
 53805 | Depths:2 | Noticed a caustic shrike
 53806 | Depths:2 | Noticed a caustic shrike
 53809 | Depths:2 | Noticed a caustic shrike
 53824 | Depths:2 | Killed a caustic shrike
 53835 | Depths:2 | Noticed a juggernaut
 53835 | Depths:2 | Killed a caustic shrike
 53854 | Depths:2 | Killed a caustic shrike
 53859 | Depths:2 | Paralysed by a floating eye for 2 turns
 53859 | Depths:2 | Killed a juggernaut
 53859 | Depths:2 | Reached XP level 23. HP: 114/193 MP: 3/34
 54076 | Depths:2 | Reached skill level 20 in Necromancy
 54395 | Depths:2 | Reached skill level 9 in Evocations
 54430 | Depths:2 | Identified the Grimoire of Toxins and Companions
 54570 | Depths:2 | Reached skill level 9 in Staves
 54602 | Depths:2 | Found a one-way gate leading to the halls of Pandemonium.
 54607 | Depths:2 | Got a fine lead ring
 54629 | Depths:2 | Got a twitching pewter amulet
 54669 | Depths:2 | Identified the amulet of Yredelemnul's Regard {Acrobat *Corrode Dex+5} (You took it off a tengu reaver on level 2 of the Depths)
 54672 | Depths:2 | Identified the ring of Dica {rF+ MR+ Str+6} (You took it off an ogre mage on level 2 of the Depths)
 54719 | Depths:2 | Found Ruwy Ah Xekk's Demolitions Depot.
 55037 | Depths:2 | Got a translucent amber ring
 55065 | Depths:2 | Identified the ring "Loron" {*Tele +Fly rN+ Dex+7} (You found it on level 2 of the Depths)
 55297 | Depths:3 | Reached skill level 10 in Evocations
 55333 | Depths:3 | HP: 48/194 [burnt (2)]
 55339 | Depths:3 | HP: 46/194 [spriggan defender/enchanted quick blade (3)]
 55349 | Depths:3 | HP: 44/194 [spriggan berserker/hand axe (6)]
 55512 | Depths:3 | Noticed the Enchantress
 55558 | Depths:3 | Killed the Enchantress
 55667 | Depths:3 | Got faerie dragon scales
 55781 | Depths:3 | Identified the +7 faerie dragon scales {MR++ rCorr Str+3} (You took it off the Enchantress on level 3 of the Depths)
 56070 | Depths:3 | Reached skill level 13 in Shields
 56439 | Depths:3 | Found a gateway to a ziggurat.
 56925 | Depths:3 | Reached skill level 14 in Shields
 57341 | Depths:4 | Reached XP level 24. HP: 99/202 MP: 20/34
 57646 | Depths:4 | Found a shattered altar of Ashenzari.
 57656 | Depths:4 | Reached skill level 15 in Shields
 58043 | Depths:5 | Entered Level 5 of the Depths
 58043 | Depths:5 | Found Teozyete's Distillery.
 58053 | Depths:5 | Reached skill level 14 in Fighting
 58067 | Depths:5 | Reached skill level 7 in Armour
 58067 | Depths:5 | Reached skill level 10 in Dodging
 58178 | Depths:5 | Found Xyneqoi's Gadget Shoppe.
 59102 | Depths:5 | Found a gate to the Realm of Zot.
 59116 | Depths:5 | Reached skill level 8 in Armour
 59678 | Elf:2    | Found a runed gate.
 59946 | Elf:2    | Found a runed gate.
 59947 | Elf:2    | Found a runed gate.
 60361 | Elf:2    | Reached skill level 11 in Dodging
 60450 | Elf:2    | Reached skill level 15 in Fighting
 60582 | Elf:3    | Entered Level 3 of the Elven Halls
 60739 | Elf:3    | Noticed Saint Roka
 61037 | Elf:3    | Reached skill level 9 in Armour
 61172 | Elf:3    | Identified the amulet of Kylleqick {+Inv rF+ Regen+ Str+5} (You found it on level 3 of the Elven Halls)
 61265 | Elf:3    | Reached XP level 25. HP: 142/214 MP: 6/34
 61333 | Elf:3    | Killed Saint Roka
 61398 | Elf:3    | Got a wavering steel ring
 61400 | Elf:3    | Identified the ring of Gojiw {Wiz Dex+6} (You took it off a deep elf death mage on level 3 of the Elven Halls)
 61452 | Elf:3    | Got a transparent shortbow
 61538 | Elf:3    | Identified the +10 shortbow of Piusilurch {speed, +Blink Dex+2 Stlth-} (You found it on level 3 of the Elven Halls)
 61582 | Elf:3    | Identified the Tome of Supportive Conjuration
 62233 | Slime:1  | Entered Level 1 of the Pits of Slime
 62560 | Slime:5  | Entered Level 5 of the Pits of Slime
 62568 | Slime:5  | Learned a level 6 spell: Deflect Missiles
 62621 | Slime:5  | Reached skill level 1 in Charms
 62621 | Slime:5  | Reached skill level 1 in Air Magic
 62667 | Slime:5  | Noticed the Royal Jelly
 62667 | Slime:5  | Found a viscous altar of Jiyva.
 62684 | Slime:5  | Reached skill level 2 in Charms
 62718 | Slime:4  | Reached skill level 2 in Air Magic
 63057 | Slime:2  | Reached skill level 3 in Charms
 63070 | Slime:2  | Reached skill level 3 in Air Magic
 64271 | Slime:2  | Reached skill level 4 in Charms
 64349 | Slime:1  | HP: 50/215 [acid (21)]
 64353 | Slime:1  | HP: 9/215 [acid (25)]
 64909 | Zot:1    | Entered Level 1 of the Realm of Zot
 65031 | Zot:1    | Found the +9 staff of Olgreb {rPois}
 65182 | Zot:1    | Reached skill level 4 in Air Magic
 65441 | Zot:1    | Reached skill level 5 in Charms
 66084 | Zot:2    | HP: 52/214 [yellow draconian monk (4)]
 66090 | Zot:2    | HP: 44/214 [yellow draconian monk (8)]
 66274 | Zot:2    | Reached skill level 10 in Armour
 66274 | Zot:2    | Reached skill level 12 in Dodging
 66459 | Zot:2    | Reached skill level 16 in Fighting
 67381 | Zot:2    | Learned a level 6 spell: Freezing Cloud
 67428 | Zot:3    | Reached skill level 5 in Air Magic
 67444 | Zot:3    | Reached skill level 1 in Conjurations
 67626 | Zot:3    | Found a transporter.
 67726 | Zot:3    | Reached skill level 2 in Conjurations
 67805 | Zot:3    | Reached XP level 26. HP: 108/225 MP: 8/34
 68175 | Zot:3    | Reached skill level 3 in Conjurations
 68228 | Zot:3    | Reached skill level 6 in Air Magic
 68547 | Zot:3    | Reached skill level 13 in Ice Magic
 68674 | Zot:3    | Reached skill level 4 in Conjurations
 68727 | Zot:3    | Found a transporter.
 68752 | Zot:3    | Got a bloodstained helmet
 68822 | Zot:3    | Identified the +0 helmet of Classification {*Contam +Blink rPois Regen+} (You found it on level 3 of the Realm of Zot)
 69402 | Zot:4    | HP: 54/224 [quicksilver dragon/bolt of dispelling energy (4)]
 69405 | Zot:4    | HP: 24/224 [tentacled monstrosity (9)]
 69406 | Zot:4    | Killed from afar by a quicksilver dragon

Vault maps used:
D:1:      nagdon_arrival_double_spiral, st_stairs_2
D:2:      lemuel_crystal_altar, amethyst_overflow_temple_binary, first_ration,
          serial_undead, serial_undead_b, serial_undead_b, serial_undead_c,
          serial_undead_e, serial_undead_a, chequers_ecumenical_altar_grove,
          st_stairs_3
D:4:      wad_crossroads, temple_fountains, enter_ossuary_1, st_stairs_3
D:5:      nicolae_gozag_zags_fifth_avenue, cheibrodos_sewer_entry_sluice,
          uniq_eustachio, uniq_duvessa, uniq_blork_the_orc, uniq_pikel,
          uniq_crazy_yiuf_cottage
D:6:      makhleb_blood_cavern_becter
D:8:      tso_metal_star, serial_corexii_hall, corexii_hall_statues_i,
          corexii_hall_statues_l
D:9:      overflow_temple_1_default
D:10:     minmay_lair_entry_grove, special_room, hangedman_little_slice_of_home,
          uniq_gastronok, uniq_grum
D:11:     hangedman_decor_clover_reticule
D:12:     serial_shops, nicolae_shop_statue_plus
D:13:     portal_ice_cave_rime, nicolae_lava_and_water
D:14:     david_vaults_1, serial_shops, shop, kennysheep_treasure_room
D:15:     gammafunk_enter_depths_forms, enter_trove_0, minivault_27,
          uniq_louise, uniq_sonja, uniq_josephine
Temple:   regret_index_temple_waves
Lair:1:   lemuel_slime
Lair:2:   basic_altar
Lair:3:   minmay_guarded_unrand_snakebite, swamp_mist_pool, st_stairs_11,
          beast_lair_carwin_1, lemuel_fruit_tree, infiniplex_staircase_pool
Lair:4:   nicolae_spider_entry_non_spiders, serial_bayou_shore_b
Lair:5:   slime_altar_2, special_room, lab_entry_generic, uniq_urug
Lair:6:   gammafunk_lair_ancient_temple, nicolae_volcano_entry_vermiform,
          uniq_rupert
Swamp:1:  evilmike_swamp_ruin_house_1
Swamp:2:  evilmike_swamp_ruin_house_4, swamp_pool4
Swamp:3:  evilmike_swamp_ruin_rubble_2, uniq_roxanne
Swamp:4:  swamp_alternative, swamp_pool3
Spider:1: uniq_donald
Spider:2: nicolae_spider_cling_halls
Spider:3: gammafunk_its_a_trap, spiders_nest_the_unseen,
          nicolae_spider_cling_ruins
Spider:4: johnstein_spider_rune_arachne_lair
Orc:1:    serial_shops, nicolae_shop_overgrown_old_shop
Orc:2:    kennysheep_orc_mage_school, basic_altar, mines3_lemuel
Elf:1:    serial_shops, nicolae_shop_waterfront,
          hangedman_elven_crosses_minicolossus, evilmike_ambush, uniq_aizul
Elf:2:    minivault_20
Elf:3:    nooodl_elf_gasket, uniq_saint_roka
Vaults:1: v_misc_16, nicolae_vaults_yaktaur_gun_rack, hangedman_vaults_capsules,
          vaults_standard_mumra_lines, vaults_dpeg_encased_lava, v_misc_30,
          nicolae_vaults_windows_and_doors_thing, hangedman_vaults_locks,
          vaults_room_stairs_pillars, serial_shops, nicolae_shop_statue_plus
Vaults:2: v_rooms_1, hangedman_vaults_stretched_pinwheel, v_misc_33,
          vaults_room_pool, vaults_mumra_minichess,
          minmay_crypt_entry_simple_walls, nicolae_vaults_an_arrangement,
          vaults_standard_mumra_enter_the_diamond, basic_altar
Vaults:3: nicolae_vaults_angled_halls, v_pattern_2, hangedman_vaults_trim,
          v_misc_32
Vaults:4: nicolae_vaults_ninety_degrees, vaults_mumra_chevron, v_alt_pattern_1,
          v_pattern_3, vaults_room_large_hall, hangedman_vaults_cutoff,
          vaults_dpeg_hooks, v_misc_18, nicolae_vaults_little_squares_5,
          vaults_dpeg_cross, nicolae_vaults_little_squares_6,
          ontoclasm_vaults_ring_large, ontoclasm_vaults_eye,
          nicolae_vaults_shelves_hall, dpeg_vaults_monster_box,
          nicolae_vaults_rhombus_5
Vaults:5: serial_shops, uniq_boris
Depths:1: kennysheep_blocky_hall, hell_entry, abyss_entry,
          minmay_fire_ice_demons
Depths:2: grunt_arcs, serial_corexii_hall, corexii_hall_statues_t,
          corexii_hall_statues_x, corexii_hall_statues_u,
          minmay_misc_feat_roman, hell_entry, rand_demon_pan_entry_3,
          nicolae_blasting_shop
Depths:3: grunt_forest_end_chambers, enter_ziggurat_d, hell_entry,
          grunt_pan_entry_in_and_out, minmay_misc_feat_chi, wad_rectangle_vault
Depths:4: minmay_textured_paths, old_standard_altar,
          nicolae_abyss_entry_one_way_or_another, hell_entry,
          kennysheep_decorative_pillar
Depths:5: grunt_zot_entry_bicorn, hell_entry, chequers_big_river,
          hangedman_abyss_entry_splay, minmay_shoptagon
Zot:3:    gammafunk_sealed_arena, st_stairs_6, grunt_ministairs_10,
          amethyst_zot_foddershock
Trove:    trove_nasty
Sewer:    sewer_big_baddie
Ossuary:  ossuary_kennysheep_city_of_the_dead
IceCv:    ice_cave_statue_garden_chambered
Volcano:  volcano_grotto

Skill      XL: |  1  2  3  4  5  6  7  8  9 10 11 12 13 14 15 16 17 18 19 20 21 22 23 24 25 26 |
---------------+-------------------------------------------------------------------------------+-----
Necromancy     | 5 7 9 10 12 13 15 16 18 19 20 | 20.0
Short Blades   | 1 2 3 4 |  4.3
Slings         | 1 2 3 4 5 |  5.2
Dodging        | 2 4 5 6 7 8 9 11 12 | 12.3
Fighting       | 4 7 8 10 11 12 13 15 16 | 16.2
Shields        | 4 10 11 12 14 15 | 15.1
Spellcasting   | 4 6 7 8 |  8.0
Ice Magic      | 6 9 10 12 13 | 13.2
Maces & Flails | 2 9 10 11 | 11.9
Translocations | 2 |  2.4
Armour         | 3 6 9 10 | 10.5
Staves         | 1 3 7 8 9 |  9.5
Summonings     | 4 7 10 12 13 | 13.5
Evocations     | 4 7 8 10 | 10.4
Charms         | 5 |  5.3
Air Magic      | 5 6 |  6.7
Conjurations   | 2 4 |  4.2
Stealth        | |  2.1

Action                   |  1- 3 |  4- 6 |  7- 9 | 10-12 | 13-15 | 16-18 | 19-21 | 22-24 | 25-27 || total
-------------------------+-------+-------+-------+-------+-------+-------+-------+-------+-------++-------
Melee: Club              |    31 |       |       |       |       |       |       |       |       ||    31
       Unarmed           |     4 |       |       |       |       |       |       |       |       ||     4
       Short sword       |    48 |    56 |   264 |   723 |    88 |       |       |       |       ||  1179
       Whip              |       |       |       |       |  1488 |  1239 |   233 |   124 |       ||  3084
       Mace              |       |       |       |       |    73 |    59 |   112 |    23 |       ||   267
       Demon whip        |       |       |       |       |   188 |   767 |       |   316 |   490 ||  1761
       Morningstar       |       |       |       |       |    75 |       |       |       |       ||    75
       Staff             |       |       |       |       |       |   189 |  1702 |  1408 |   482 ||  3781
 Fire: Hunting sling     |    35 |   118 |   132 |   282 |   118 |    40 |       |       |       ||   725
Throw: Stone             |       |       |       |       |     2 |       |       |       |       ||     2
 Cast: Pain              |    36 |       |       |       |       |       |       |       |       ||    36
       Vampiric Draining |       |       |    11 |    47 |    48 |     1 |       |     4 |       ||   111
       Animate Skeleton  |       |       |     1 |     2 |       |       |       |       |       ||     3
       Corpse Rot        |       |       |       |     7 |     5 |     7 |     2 |       |       ||    21
       Animate Dead      |       |       |       |    13 |    27 |    51 |    33 |     7 |       ||   131
       Simulacrum        |       |       |       |    12 |     3 |    25 |    23 |    17 |    11 ||    91
       Regeneration      |       |       |       |     1 |     4 |     4 |       |       |       ||     9
       Dispel Undead     |       |       |       |       |     4 |     1 |    48 |    22 |       ||    75
       Blink             |       |       |       |       |     1 |       |       |     1 |     4 ||     6
       Haunt             |       |       |       |       |       |       |    12 |    64 |    42 ||   118
       Infestation       |       |       |       |       |       |       |       |    36 |    29 ||    65
       Deflect Missiles  |       |       |       |       |       |       |       |       |     2 ||     2
       Freezing Cloud    |       |       |       |       |       |       |       |       |     1 ||     1
Invok: Receive Corpses   |       |       |     1 |     4 |    14 |    31 |    39 |    15 |    17 ||   121
       Torment           |       |       |       |       |     2 |     1 |     1 |       |       ||     4
       Receive Necronomi |       |       |       |       |       |     1 |       |       |       ||     1
Evoke: Wand              |       |       |     3 |     7 |    22 |    12 |     3 |     2 |     2 ||    51
       Lamp of fire      |       |       |       |       |       |     1 |     3 |     1 |     1 ||     6
       Box of beasts     |       |       |       |       |       |       |     3 |       |       ||     3
       Sack of spiders   |       |       |       |       |       |       |     1 |       |       ||     1
       Crystal ball of e |       |       |       |       |       |       |       |     1 |    11 ||    12
       Phantom mirror    |       |       |       |       |       |       |       |       |     1 ||     1
  Use: Scroll            |     5 |    10 |     5 |    13 |    27 |    17 |    11 |    25 |    23 ||   136
       Potion            |       |     4 |     4 |     5 |     2 |     4 |    11 |     1 |     7 ||    38
 Stab: Sleeping          |       |     1 |     2 |     7 |     2 |       |       |       |     1 ||    13
       Paralysed         |       |       |     5 |       |       |       |       |       |       ||     5
       Distracted        |       |       |       |     2 |     3 |    12 |     5 |    14 |     6 ||    42
       Confused          |       |       |       |       |     2 |       |       |       |       ||     2
  Eat: Chunk             |     4 |     3 |    17 |    42 |   124 |   108 |   214 |   165 |    79 ||   756
       Ration            |     1 |     3 |       |    10 |     4 |     5 |       |     8 |    12 ||    43
Armor: Robe              |    32 |     9 |    59 |   155 |   156 |       |       |       |       ||   411
       Chain mail        |       |       |       |       |    70 |       |       |       |       ||    70
       Pearl dragon scal |       |       |       |       |   306 |   995 |   788 |   640 |   308 ||  3037
       Acid dragon scale |       |       |       |       |       |       |       |       |   258 ||   258
Dodge: Dodged            |    87 |    45 |   249 |   776 |   912 |   808 |   676 |   537 |   436 ||  4526
       Deflected         |       |       |       |       |       |       |       |       |     4 ||     4
Block: Other             |       |     1 |    22 |       |       |       |       |       |       ||    23
       Reflection        |       |       |     1 |     5 |    42 |       |       |       |       ||    48
       Buckler           |       |       |    41 |   452 |   735 |    12 |       |       |       ||  1240
       Shield            |       |       |       |       |       |  1455 |  1422 |  1189 |   850 ||  4916

Table legend:
 A = Spawn XP
 B = Non-spawn XP
 C = Spawn XP percentage of total XP
 D = Spawn monster count
 E = Non-spawn monster count
 F = Spawn count percentage of total count
 G = Total turns spent on level
                    A         B        C        D         E        F      G
               +---------+---------+-------+---------+---------+-------+---------
         Total |       0 | 1147548 |   0.0 |       0 |    2425 |   0.0 | 69406
               +---------+---------+-------+---------+---------+-------+---------
           D:1 |       0 |      47 |   0.0 |       0 |      28 |   0.0 |  1713
           D:2 |       0 |      51 |   0.0 |       0 |      16 |   0.0 |  1172
           D:3 |       0 |     130 |   0.0 |       0 |      16 |   0.0 |   708
           D:4 |       0 |     381 |   0.0 |       0 |      22 |   0.0 |   788
           D:5 |       0 |    1487 |   0.0 |       0 |      25 |   0.0 |  1476
           D:6 |       0 |    1348 |   0.0 |       0 |      23 |   0.0 |   706
           D:7 |       0 |    2624 |   0.0 |       0 |      50 |   0.0 |  1451
           D:8 |       0 |     453 |   0.0 |       0 |      16 |   0.0 |   498
           D:9 |       0 |     804 |   0.0 |       0 |      13 |   0.0 |   867
          D:10 |       0 |    8750 |   0.0 |       0 |      72 |   0.0 |  1719
          D:11 |       0 |    5852 |   0.0 |       0 |      36 |   0.0 |   984
          D:12 |       0 |    6797 |   0.0 |       0 |      40 |   0.0 |  1036
          D:13 |       0 |    3807 |   0.0 |       0 |      20 |   0.0 |  1188
          D:14 |       0 |    5969 |   0.0 |       0 |      12 |   0.0 |  1274
          D:15 |       0 |   17033 |   0.0 |       0 |      37 |   0.0 |  2113
        Lair:1 |       0 |    4437 |   0.0 |       0 |      37 |   0.0 |  1564
        Lair:2 |       0 |    3164 |   0.0 |       0 |      18 |   0.0 |  1408
        Lair:3 |       0 |    4105 |   0.0 |       0 |      26 |   0.0 |  1460
        Lair:4 |       0 |    6097 |   0.0 |       0 |      39 |   0.0 |  1701
        Lair:5 |       0 |   16260 |   0.0 |       0 |      65 |   0.0 |  1966
        Lair:6 |       0 |   22726 |   0.0 |       0 |      69 |   0.0 |  1355
       Swamp:1 |       0 |    7854 |   0.0 |       0 |      24 |   0.0 |   716
       Swamp:2 |       0 |   10525 |   0.0 |       0 |      34 |   0.0 |   750
       Swamp:3 |       0 |   11794 |   0.0 |       0 |      37 |   0.0 |   832
       Swamp:4 |       0 |   21680 |   0.0 |       0 |      55 |   0.0 |   952
      Spider:1 |       0 |    6648 |   0.0 |       0 |      16 |   0.0 |  1522
      Spider:2 |       0 |   10683 |   0.0 |       0 |      38 |   0.0 |   650
      Spider:3 |       0 |   11220 |   0.0 |       0 |      29 |   0.0 |  1475
      Spider:4 |       0 |   39499 |   0.0 |       0 |      90 |   0.0 |  1802
       Slime:1 |       0 |    8609 |   0.0 |       0 |      25 |   0.0 |   255
       Slime:2 |       0 |    6183 |   0.0 |       0 |       8 |   0.0 |   176
       Slime:3 |       0 |    7177 |   0.0 |       0 |      23 |   0.0 |   254
       Slime:4 |       0 |    5852 |   0.0 |       0 |      16 |   0.0 |   527
       Slime:5 |       0 |   18989 |   0.0 |       0 |      31 |   0.0 |   899
         Orc:1 |       0 |    4151 |   0.0 |       0 |      45 |   0.0 |   600
         Orc:2 |       0 |   10228 |   0.0 |       0 |      56 |   0.0 |  1259
         Elf:1 |       0 |   31561 |   0.0 |       0 |      51 |   0.0 |  1771
         Elf:2 |       0 |   31848 |   0.0 |       0 |      64 |   0.0 |  1408
         Elf:3 |       0 |   46912 |   0.0 |       0 |      73 |   0.0 |  1418
      Vaults:1 |       0 |   44617 |   0.0 |       0 |      93 |   0.0 |  2074
      Vaults:2 |       0 |   39590 |   0.0 |       0 |      67 |   0.0 |  1770
      Vaults:3 |       0 |   64601 |   0.0 |       0 |     101 |   0.0 |  2168
      Vaults:4 |       0 |   82105 |   0.0 |       0 |     111 |   0.0 |  2848
      Vaults:5 |       0 |  140458 |   0.0 |       0 |     128 |   0.0 |  2993
      Depths:1 |       0 |   25654 |   0.0 |       0 |      64 |   0.0 |   988
      Depths:2 |       0 |   68559 |   0.0 |       0 |     110 |   0.0 |  1507
      Depths:3 |       0 |   62605 |   0.0 |       0 |     107 |   0.0 |  1808
      Depths:4 |       0 |   41726 |   0.0 |       0 |      50 |   0.0 |  1037
      Depths:5 |       0 |   43257 |   0.0 |       0 |      59 |   0.0 |  1361
         Zot:1 |       0 |   20822 |   0.0 |       0 |      17 |   0.0 |  1136
         Zot:2 |       0 |   40974 |   0.0 |       0 |      42 |   0.0 |  1493
         Zot:3 |       0 |   64565 |   0.0 |       0 |      47 |   0.0 |  1807
         Trove |       0 |     839 |   0.0 |       0 |       4 |   0.0 |   310
         Sewer |       0 |     140 |   0.0 |       0 |       6 |   0.0 |   317
       Ossuary |       0 |     106 |   0.0 |       0 |      13 |   0.0 |   668
         IceCv |       0 |    3195 |   0.0 |       0 |      11 |   0.0 |   371
               +---------+---------+-------+---------+---------+-------+---------

Vault maps used:
D:1:      nagdon_arrival_double_spiral, st_stairs_2
D:2:      lemuel_crystal_altar, amethyst_overflow_temple_binary, first_ration,
          serial_undead, serial_undead_b, serial_undead_b, serial_undead_c,
          serial_undead_e, serial_undead_a, chequers_ecumenical_altar_grove,
          st_stairs_3
D:4:      wad_crossroads, temple_fountains, enter_ossuary_1, st_stairs_3
D:5:      nicolae_gozag_zags_fifth_avenue, cheibrodos_sewer_entry_sluice,
          uniq_eustachio, uniq_duvessa, uniq_blork_the_orc, uniq_pikel,
          uniq_crazy_yiuf_cottage
D:6:      makhleb_blood_cavern_becter
D:8:      tso_metal_star, serial_corexii_hall, corexii_hall_statues_i,
          corexii_hall_statues_l
D:9:      overflow_temple_1_default
D:10:     minmay_lair_entry_grove, special_room, hangedman_little_slice_of_home,
          uniq_gastronok, uniq_grum
D:11:     hangedman_decor_clover_reticule
D:12:     serial_shops, nicolae_shop_statue_plus
D:13:     portal_ice_cave_rime, nicolae_lava_and_water
D:14:     david_vaults_1, serial_shops, shop, kennysheep_treasure_room
D:15:     gammafunk_enter_depths_forms, enter_trove_0, minivault_27,
          uniq_louise, uniq_sonja, uniq_josephine
Temple:   regret_index_temple_waves
Lair:1:   lemuel_slime
Lair:2:   basic_altar
Lair:3:   minmay_guarded_unrand_snakebite, swamp_mist_pool, st_stairs_11,
          beast_lair_carwin_1, lemuel_fruit_tree, infiniplex_staircase_pool
Lair:4:   nicolae_spider_entry_non_spiders, serial_bayou_shore_b
Lair:5:   slime_altar_2, special_room, lab_entry_generic, uniq_urug
Lair:6:   gammafunk_lair_ancient_temple, nicolae_volcano_entry_vermiform,
          uniq_rupert
Swamp:1:  evilmike_swamp_ruin_house_1
Swamp:2:  evilmike_swamp_ruin_house_4, swamp_pool4
Swamp:3:  evilmike_swamp_ruin_rubble_2, uniq_roxanne
Swamp:4:  swamp_alternative, swamp_pool3
Spider:1: uniq_donald
Spider:2: nicolae_spider_cling_halls
Spider:3: gammafunk_its_a_trap, spiders_nest_the_unseen,
          nicolae_spider_cling_ruins
Spider:4: johnstein_spider_rune_arachne_lair
Orc:1:    serial_shops, nicolae_shop_overgrown_old_shop
Orc:2:    kennysheep_orc_mage_school, basic_altar, mines3_lemuel
Elf:1:    serial_shops, nicolae_shop_waterfront,
          hangedman_elven_crosses_minicolossus, evilmike_ambush, uniq_aizul
Elf:2:    minivault_20
Elf:3:    nooodl_elf_gasket, uniq_saint_roka
Vaults:1: v_misc_16, nicolae_vaults_yaktaur_gun_rack, hangedman_vaults_capsules,
          vaults_standard_mumra_lines, vaults_dpeg_encased_lava, v_misc_30,
          nicolae_vaults_windows_and_doors_thing, hangedman_vaults_locks,
          vaults_room_stairs_pillars, serial_shops, nicolae_shop_statue_plus
Vaults:2: v_rooms_1, hangedman_vaults_stretched_pinwheel, v_misc_33,
          vaults_room_pool, vaults_mumra_minichess,
          minmay_crypt_entry_simple_walls, nicolae_vaults_an_arrangement,
          vaults_standard_mumra_enter_the_diamond, basic_altar
Vaults:3: nicolae_vaults_angled_halls, v_pattern_2, hangedman_vaults_trim,
          v_misc_32
Vaults:4: nicolae_vaults_ninety_degrees, vaults_mumra_chevron, v_alt_pattern_1,
          v_pattern_3, vaults_room_large_hall, hangedman_vaults_cutoff,
          vaults_dpeg_hooks, v_misc_18, nicolae_vaults_little_squares_5,
          vaults_dpeg_cross, nicolae_vaults_little_squares_6,
          ontoclasm_vaults_ring_large, ontoclasm_vaults_eye,
          nicolae_vaults_shelves_hall, dpeg_vaults_monster_box,
          nicolae_vaults_rhombus_5
Vaults:5: serial_shops, uniq_boris
Depths:1: kennysheep_blocky_hall, hell_entry, abyss_entry,
          minmay_fire_ice_demons
Depths:2: grunt_arcs, serial_corexii_hall, corexii_hall_statues_t,
          corexii_hall_statues_x, corexii_hall_statues_u,
          minmay_misc_feat_roman, hell_entry, rand_demon_pan_entry_3,
          nicolae_blasting_shop
Depths:3: grunt_forest_end_chambers, enter_ziggurat_d, hell_entry,
          grunt_pan_entry_in_and_out, minmay_misc_feat_chi, wad_rectangle_vault
Depths:4: minmay_textured_paths, old_standard_altar,
          nicolae_abyss_entry_one_way_or_another, hell_entry,
          kennysheep_decorative_pillar
Depths:5: grunt_zot_entry_bicorn, hell_entry, chequers_big_river,
          hangedman_abyss_entry_splay, minmay_shoptagon
Zot:3:    gammafunk_sealed_arena, st_stairs_6, grunt_ministairs_10,
          amethyst_zot_foddershock
Trove:    trove_nasty
Sewer:    sewer_big_baddie
Ossuary:  ossuary_kennysheep_city_of_the_dead
IceCv:    ice_cave_statue_garden_chambered
Volcano:  volcano_grotto

Table legend:
 A = Turns spent in this place as a percentage of turns spent in the entire game.
 B = Non-inter-level travel turns spent in this place as a percentage of non-inter-level travel turns spent in the entire game.
 C = Inter-level travel turns spent in this place as a percentage of turns spent in this place.
 D = Turns resting spent in this place as a percentage of non-inter-level travel turns spent in this place.
 E = Turns spent auto-exploring this place as a percentage of non-inter-level travel turns spent in this place.
 F = Non-inter-level travel turns spent in this place divided by the number of levels of this place that you've seen.
                   A       B       C       D       E      F
               +-------+-------+-------+-------+-------+----------------------
         Total | 100.0 | 100.0 |   6.6 |  19.2 |  43.9 | 1098.3
       Dungeon |  25.5 |  25.0 |   8.3 |  18.6 |  53.8 | 1081.5
        Temple |   0.1 |   0.1 |  39.8 |   0.0 |  88.0 |  50.0
          Lair |  13.6 |  13.1 |   9.9 |  24.7 |  45.7 | 1419.5
         Swamp |   4.7 |   4.7 |   5.6 |   5.6 |  59.3 | 767.2
   Spider Nest |   7.9 |   7.8 |   7.0 |  19.8 |  46.2 | 1266.2
    Slime Pits |   3.0 |   3.2 |   0.6 |  39.4 |   2.9 | 419.6
  Orcish Mines |   2.7 |   2.4 |  16.7 |  12.4 |  46.4 | 774.0
   Elven Halls |   6.6 |   6.7 |   5.4 |  12.5 |  40.6 | 1449.0
        Vaults |  17.1 |  17.4 |   5.0 |  20.0 |  31.8 | 2253.0
        Depths |   9.7 |   9.8 |   5.1 |  10.1 |  49.3 | 1271.4
           Zot |   6.5 |   6.8 |   2.1 |  21.4 |  47.2 | 1100.8
         Trove |   0.4 |   0.5 |   0.0 |   0.0 |  16.5 | 310.0
         Sewer |   0.5 |   0.5 |   0.0 |  57.1 |  23.7 | 317.0
       Ossuary |   1.0 |   1.0 |   0.0 |  59.1 |  19.3 | 668.0
      Ice Cave |   0.5 |   0.6 |   0.0 |   4.9 |   0.3 | 371.0
       Volcano |   0.3 |   0.3 |   0.0 |  81.3 |   6.2 | 193.0
               +-------+-------+-------+-------+-------+----------------------

Table legend:
 A = Kills in this place as a percentage of kills in entire the game.
 B = Kills by you in this place as a percentage of kills by you in the entire game.
 C = Kills by friends in this place as a percentage of kills by friends in the entire game.
 D = Other kills in this place as a percentage of other kills in the entire game.
 E = Experience gained in this place as a percentage of experience gained in the entire game.
 F = Experience gained in this place divided by the number of levels of this place that you have seen.
                   A       B       C       D       E      F
               +-------+-------+-------+-------+-------+----------------------
         Total | 100.0 | 100.0 | 100.0 | 100.0 | 100.0 | 19450.0
       Dungeon |  17.6 |  24.1 |   2.2 |  30.0 |   4.8 | 3702.2
          Lair |  10.5 |  12.7 |   5.6 |   0.0 |   4.9 | 9464.8
         Swamp |   6.2 |   4.1 |  10.7 |  15.0 |   4.5 | 12963.2
   Spider Nest |   7.1 |   7.0 |   7.7 |   0.0 |   5.9 | 17012.5
    Slime Pits |   4.2 |   3.0 |   7.3 |   0.0 |   4.1 | 9362.0
  Orcish Mines |   4.2 |   5.5 |   1.1 |   5.0 |   1.3 | 7189.5
   Elven Halls |   7.8 |   5.7 |  12.5 |  10.0 |   9.6 | 36773.7
        Vaults |  20.6 |  23.8 |  13.2 |  20.0 |  32.4 | 74274.2
        Depths |  16.1 |   8.6 |  33.3 |  15.0 |  21.1 | 48360.2
           Zot |   4.4 |   3.5 |   6.3 |   5.0 |  11.0 | 31590.2
         Trove |   0.2 |   0.2 |   0.0 |   0.0 |   0.1 | 839.0
         Sewer |   0.2 |   0.4 |   0.0 |   0.0 |   0.0 | 140.0
       Ossuary |   0.5 |   0.8 |   0.0 |   0.0 |   0.0 | 106.0
      Ice Cave |   0.5 |   0.7 |   0.0 |   0.0 |   0.3 | 3195.0
               +-------+-------+-------+-------+-------+----------------------
